AoeStats
← 鄙人張麻子

Black Forest

503628938Analyzed
4v4 RM · 1mo ago on Sep 1, 2026· 45m 52s· 8 players
Game mode
Random Map
Map size
Large (8 player)
Population
200
Speed
Normal
Resources
Standard
Victory
Conquest
Starting age
Dark Age
Ending age
Imperial Age
RankedLock teamsTeams togetherTeam positionsShared explorationLock speedFull tech treeHidden civsTurbo modeCheats
Victory
Defeat
🇦🇷 Persians · Argentina
1191
+17
🇪🇸 Chinese · Spain
1191
+17
🇸🇰 Khmer · Slovakia
1187
+17
🇵🇱 Bohemians · Poland
1168
+18
🇬🇧 Spanish · United Kingdom
1245
-19
🇹🇼 Japanese · Taiwan
1241
-19
🇨🇳 Goths · China
1202
-17
🇨🇳 Mongols · China
1181
-16
Dijhinn
0:25 Loom
12:57 Feudal Age
16:32 Castle Age
16:27 Double-Bit Axe
17:44 Bow Saw
21:10 Horse Collar
21:56 Fishing Lines
22:44 Heavy Plow
23:52 Wheelbarrow
24:15 Gillnets
24:33 Stone Mining
25:22 Hand Cart
26:20 Stone Shaft Mining
26:20 Fletching
26:23 Gold Mining
27:21 Bodkin Arrow
27:37 Caravan
30:31 Imperial Age
29:27 Gold Shaft Mining
28:54 Padded Archer Armor
29:16 Ballistics
29:07 Masonry
30:18 Leather Archer Armor
31:13 Thumb Ring
30:33 Elite Chu Ko Nu
31:16 Bracer
32:22 Chemistry
32:33 Conscription
33:04 Ring Archer Armor
33:07 Architecture
33:25 Murder Holes
34:39 Two-Man Saw
44:42 Sappers
45:30 Forging
45:32 Fervor
Jegoroslaw
2:49 Loom
10:42 Feudal Age
14:50 Castle Age
13:12 Double-Bit Axe
13:15 Horse Collar
16:32 Fervor
21:19 Wheelbarrow
21:57 Bow Saw
22:11 Heavy Plow
24:45 Hand Cart
24:17 Town Watch
25:06 Caravan
27:36 Sanctity
28:20 Chemistry
30:58 Imperial Age
29:48 Forging
29:39 Scale Mail Armor
30:09 Murder Holes
30:25 Masonry
31:21 Wagenburg Tactics
31:55 Iron Casting
31:36 Chain Mail Armor
31:12 Fletching
31:23 Padded Archer Armor
32:16 Conscription
33:02 Two-Man Saw
34:05 Blast Furnace
33:40 Ballistics
33:07 Treadmill Crane
34:53 Houfnice
36:14 Plate Mail Armor
35:40 Bodkin Arrow
36:00 Leather Archer Armor
35:12 Man-at-Arms
35:12 Pikeman
35:52 Squires
35:38 Arson
36:42 Siege Engineers
36:01 Halberdier
36:03 Long Swordsman
37:01 Two-Handed Swordsman
40:19 Coinage
40:51 Champion
42:25 Ring Archer Armor
45:30 Scale Barding Armor
45:37 Bracer
Duck Rattlehead
1:50 Loom
14:23 Feudal Age
18:02 Castle Age
18:27 Wheelbarrow
17:42 Double-Bit Axe
17:45 Horse Collar
19:44 Bow Saw
24:06 Heavy Plow
24:12 Town Watch
27:29 Gold Mining
27:29 Stone Mining
28:05 Hand Cart
28:15 Caravan
29:24 Fishing Lines
32:58 Imperial Age
31:04 Kamandaran
31:13 Thumb Ring
31:14 Scale Barding Armor
31:20 Forging
31:19 Crossbowman
33:11 Chain Barding Armor
33:38 Conscription
33:11 Fletching
34:15 Iron Casting
33:36 Fletching
33:47 Padded Archer Armor
34:14 Ballistics
35:12 Two-Man Saw
34:55 Crop Rotation
35:59 Plate Barding Armor
35:14 Elite Skirmisher
37:10 Blast Furnace
36:06 Bodkin Arrow
36:49 Leather Archer Armor
37:50 Gillnets
38:37 Gold Shaft Mining
38:38 Stone Shaft Mining
39:23 Elite War Elephant
42:29 Ring Archer Armor
46:19 Scale Mail Armor
47:26 Chemistry
Saky
2:12 Loom
14:12 Feudal Age
17:55 Castle Age
17:39 Double-Bit Axe
18:02 Horse Collar
20:58 Fishing Lines
22:43 Gillnets
31:55 Imperial Age
31:12 Wheelbarrow
30:29 Gold Mining
32:31 Bow Saw
34:19 Chemistry
33:37 Hand Cart
33:59 Fletching
34:31 Double Crossbow
34:28 Heavy Scorpion
鄙人張麻子
0:36 Loom
12:26 Feudal Age
16:24 Castle Age
15:40 Double-Bit Axe
15:37 Horse Collar
17:27 Bow Saw
17:20 Heavy Plow
19:49 Town Watch
22:33 Wheelbarrow
26:11 Hand Cart
30:27 Imperial Age
27:50 Fletching
28:36 Gold Mining
29:18 Ballistics
28:59 Padded Archer Armor
28:54 Bodkin Arrow
29:34 Thumb Ring
30:15 Leather Archer Armor
30:12 Stone Mining
31:14 Bloodlines
31:10 Bracer
32:12 Chemistry
32:01 Parthian Tactics
32:28 Ring Archer Armor
33:06 Kataparuto
32:36 Heavy Cavalry Archer
33:50 Scale Mail Armor
34:25 Siege Engineers
34:37 Elite Skirmisher
35:35 Chain Mail Armor
35:12 Pikeman
36:20 Conscription
36:20 Forging
36:47 Fervor
37:02 Halberdier
37:43 Squires
38:06 Masonry
39:17 Caravan
39:39 Guard Tower
市委书记李达康
1:11 Loom
12:40 Feudal Age
13:07 Horse Collar
13:56 Double-Bit Axe
17:50 Gold Mining
23:02 Castle Age
24:06 Bow Saw
23:59 Heavy Plow
26:30 Wheelbarrow
32:22 Imperial Age
31:07 Forging
30:57 Scale Mail Armor
31:45 Hand Cart
31:52 Squires
31:13 Pikeman
32:41 Halberdier
34:07 Iron Casting
33:47 Chain Mail Armor
35:00 Chemistry
34:21 Ballistics
34:10 Anarchy
34:58 Perfusion
35:19 Conscription
36:42 Elite Huskarl
41:11 Blast Furnace
42:27 Man-at-Arms
省委高育良
3:49 Loom
10:56 Feudal Age
15:55 Castle Age
14:33 Horse Collar
15:37 Double-Bit Axe
25:53 Heavy Plow
25:47 Stone Mining
26:09 Bow Saw
25:52 Gold Mining
27:23 Gold Shaft Mining
29:00 Wheelbarrow
29:10 Stone Shaft Mining
32:30 Imperial Age
30:16 Hand Cart
29:50 Town Watch
31:08 Padded Archer Armor
30:58 Fletching
31:33 Ballistics
32:43 Leather Archer Armor
32:23 Bodkin Arrow
33:16 Fortified Wall
33:18 Masonry
33:59 Bracer
34:04 Scale Barding Armor
34:09 Forging
34:35 Conscription
33:37 Elite Mangudai
34:17 Nomads
36:18 Chain Barding Armor
36:49 Parthian Tactics
37:07 Elite Steppe Lancer
37:58 Bloodlines
37:49 Husbandry
37:59 Thumb Ring
40:38 Light Cavalry
41:44 Hussar
45:41 Chemistry
K
12:27 Feudal Age
17:01 Castle Age
16:38 Horse Collar
21:30 Loom
23:26 Double-Bit Axe
24:42 Gold Mining
25:31 Heavy Plow
26:03 Stone Mining
27:14 Wheelbarrow
28:23 Bow Saw
29:44 Hand Cart
29:54 Town Watch
31:22 Husbandry
31:32 Bloodlines
35:14 Imperial Age
33:09 Ballistics
33:00 Fortified Wall
32:58 Thumb Ring
32:51 Fletching
33:12 Forging
33:04 Padded Archer Armor
33:10 Scale Barding Armor
37:14 Chemistry
36:37 Leather Archer Armor
36:18 Bodkin Arrow
35:45 Cavalier
38:33 Two-Man Saw
38:15 Conscription
37:16 Elite Conquistador
38:59 Bracer
39:29 Ring Archer Armor
39:00 Murder Holes
Connection lost

Rejoining the realm…

Still unreachable

The connection could not be restored.

Session expired

The server has moved on; the page needs a fresh start.